Map: Zen LE

Players

Playaction - Winner!

  • Race: Zerg Zerg
  • League: Platinum
  • Spawn Location: 1:00

A.I. 1 (Elite)

  • Race: Terran Terran
  • Spawn Location: 7:00

VOD

Have the link to the VOD?

Description

Time

  • Played on: Jan. 24, 2020, 3:48 a.m.
  • Length: 14:16
Show
View Real Time Build Order
Export as new Build Order

Playaction Zerg - Winner!

Build Orders: Hatch First, Lurkers 

Get SALT Encoding   

  12  0:01  Drone  
  13  0:12  Overlord  
  13  0:20  Drone  
  14  0:31  Drone x2  
  16  0:39  Drone  
  17  0:54  Hatchery  
  16  1:00  Drone x2  
  18  1:05  Extractor  
  17  1:17  Spawning Pool  
  16  1:22  Drone x2  
  18  1:32  Drone  
  19  1:40  Drone  
  20  1:51  Overlord  
  20  2:03  Drone  
  20  2:06  Queen x2  
  25  2:11  Drone  
  26  2:19  Metabolic Boost  
  26  2:22  Drone x3  
  29  2:41  Drone  
  29  2:42  Drone  
  31  2:44  Drone  
  31  2:47  Hatchery  
  31  2:58  Drone x3  
  34  3:12  Overlord x2  
  34  3:29  Queen  
  36  3:35  Drone  
  36  3:36  Drone x7  
  44  3:50  Overlord x2  
  44  4:02  Drone x6  
  50  4:05  Extractor x2  
  50  4:08  Lair  
  48  4:25  Baneling Nest  
  47  4:31  Zergling x8  
  47  4:32  Zergling x8  
  55  4:47  Drone x10  
  65  5:03  Drone  
  65  5:05  Overlord  
  65  5:06  Overlord x2  
  66  5:14  Centrifical Hooks  
  66  5:19  Evolution Chamber  
  65  5:22  Evolution Chamber  
  65  5:23  Hydralisk Den  
  63  5:32  Drone x2  
  63  5:33  Drone  
  66  5:36  Extractor  
  66  5:37  Drone  
  66  5:38  Drone x2  
  66  5:39  Overlord x2  
  66  5:40  Zergling x12  
  74  5:45  Baneling x14  
  74  5:57  Zerg Melee Weapons Level 1  
  74  6:07  Hatchery  
  73  6:15  Queen  
  75  6:18  Drone x2  
  75  6:19  Drone x14  
  75  6:23  Extractor  
  75  6:25  Extractor  
  89  6:28  Zergling x4  
  91  6:36  Drone x3  
  94  6:41  Overlord x2  
  94  6:47  Zerg Ground Armor Level 1  
  94  6:48  Grooved Spines  
  94  7:00  Hydralisk x8  
  110  7:05  Zergling x4  
  112  7:21  Zergling x14  
  112  7:22  Zergling x10  
  124  7:27  Hatchery  
  123  8:00  Muscular Augments  
  123  8:02  Overlord  
  123  8:03  Overlord x5  
  123  8:04  Overlord  
  123  8:06  Zergling x10  
  123  8:10  Zerg Melee Weapons Level 2  
  128  8:20  Infestation Pit  
  128  8:22  Lurker Den  
  128  8:23  Spire  
  117  8:39  Drone x9  
  113  9:00  Extractor  
  113  9:02  Extractor  
  111  9:05  Overlord  
  111  9:08  Drone x2  
  111  9:09  Hydralisk x13  
  115  9:11  Zergling x12  
  115  9:13  Zergling x2  
  146  9:35  Zergling x14  
  146  9:36  Zergling x22  
  164  9:44  Zergling x10  
  169  10:15  Zergling x16  
  169  10:16  Zergling x24  
  169  10:19  Zergling x2  
  169  10:20  Zergling x4  
  159  10:34  Hive  
  159  10:36  Zerg Ground Armor Level 2  
  159  10:41  Zerg Flyer Armor Level 1  
  159  11:00  Hydralisk x7  
  159  11:01  Hydralisk x12  
  159  11:03  Zergling x2  
  198  11:05  Overlord x2  
  196  11:47  Lurker x5  
  199  12:02  Lurker  
  168  12:53  Greater Spire  
  168  13:03  Seismic Spines  
  168  14:07  Extractor  
  167  14:12  Extractor  
Show
View Real Time Build Order
Export as new Build Order

A.I. 1 (Elite) Terran 

Build Orders:  

Get SALT Encoding   

  12  0:00  SCV  
  13  0:13  SCV  
  14  0:18  Supply Depot  
  14  0:25  SCV  
  15  0:40  SCV  
  16  0:43  Barracks  
  16  0:52  SCV  
  17  1:04  SCV  
  18  1:16  SCV, Supply Depot  
  19  1:20  Refinery  
  19  1:28  SCV  
  19  1:29  Marine  
  21  1:40  SCV  
  22  1:47  Marine  
  22  1:50  Barracks  
  22  1:53  SCV  
  24  1:54  Refinery  
  24  2:02  Supply Depot  
  24  2:05  SCV, Marine  
  26  2:17  SCV  
  27  2:23  Marine  
  27  2:24  Factory  
  27  2:29  SCV  
  29  2:36  Marine  
  30  2:41  SCV, Marine  
  32  2:53  SCV  
  32  2:54  Marine  
  34  2:58  Marine  
  34  3:05  SCV, Barracks  
  36  3:12  Marine  
  37  3:17  SCV, Barracks Tech Lab  
  37  3:18  Factory Tech Lab  
  38  3:29  SCV  
  38  3:31  Supply Depot, Barracks Tech Lab  
  39  3:53  Stimpack, SCV, Marine x2  
  42  4:02  Combat Shield  
  42  4:05  SCV  
  43  4:17  SCV  
  43  4:23  Supply Depot  
  44  4:29  SCV  
  45  4:40  Supply Depot, Barracks Reactor, Marauder  
  45  4:42  Barracks  
  45  4:44  SCV, Starport  
  45  4:45  Marauder  
  50  4:48  Command Center  
  50  5:01  Marauder  
  50  5:05  Orbital Command, Marine  
  53  5:19  Engineering Bay  
  53  5:21  Starport Reactor  
  53  5:23  Marauder  
  55  5:30  Marauder  
  57  5:36  Supply Depot  
  57  5:44  Marauder  
  57  5:47  Terran Infantry Weapons Level 1  
  59  5:51  Marauder  
  61  5:59  Engineering Bay  
  61  6:01  SCV  
  61  6:03  SCV  
  63  6:06  Marauder  
  65  6:13  SCV  
  65  6:15  SCV  
  67  6:24  Medivac, Marine x2, Concussive Shells  
  67  6:25  SCV, Terran Infantry Armor Level 1  
  72  6:26  Medivac  
  72  6:27  Marauder  
  72  6:28  SCV  
  77  6:33  Supply Depot  
  77  6:37  SCV  
  78  6:45  Command Center  
  78  6:47  SCV  
  78  6:49  SCV  
  78  6:53  Marauder  
  82  6:55  Marine  
  82  6:56  Marine  
  82  6:59  SCV  
  85  7:01  Supply Depot  
  85  7:02  SCV  
  86  7:13  Marauder  
  86  7:14  Marauder  
  90  7:18  Missile Turret, Orbital Command  
  90  7:20  Medivac  
  90  7:22  Medivac  
  94  7:25  Missile Turret  
  94  7:27  Marine  
  94  7:28  Supply Depot, Marine  
  96  7:30  Marine  
  96  7:35  Marine  
  96  7:36  Marine  
  99  7:45  Marine  
  99  7:46  Marine  
  99  7:48  Marine  
  99  7:50  Viking  
  104  7:51  Supply Depot  
  104  7:52  Viking  
  104  7:58  SCV, Hellion  
  109  7:59  SCV  
  109  8:00  SCV  
  111  8:10  SCV  
  111  8:12  SCV  
  113  8:13  SCV  
  116  8:20  Hellion  
  116  8:22  SCV  
  116  8:23  Supply Depot  
  116  8:24  SCV  
  116  8:25  SCV  
  111  8:34  SCV  
  111  8:35  Armory  
  111  8:37  SCV  
  111  8:38  Marine  
  111  8:39  Marine  
  92  8:41  Hellion, Marine  
  92  8:42  Marine  
  92  8:44  Marine  
  75  8:50  Refinery  
  75  8:51  SCV  
  76  8:56  Marine  
  76  8:58  Marauder  
  76  8:59  Marine  
  76  9:00  Marine  
  76  9:01  Marine  
  84  9:03  Hellion  
  84  9:06  Refinery  
  84  9:10  Refinery  
  84  9:12  Medivac  
  84  9:13  SCV  
  84  9:14  SCV, Marine  
  84  9:15  SCV  
  84  9:17  Marine  
  90  9:18  Marine  
  90  9:19  Marine, Marauder  
  90  9:22  Terran Infantry Weapons Level 2  
  96  9:24  Hellion  
  96  9:25  SCV  
  96  9:28  SCV  
  96  9:29  SCV  
  99  9:32  Marine  
  99  9:33  Medivac  
  99  9:34  Marine  
  99  9:35  Marine  
  99  9:37  SCV, Marine  
  106  9:40  SCV  
  106  9:41  Marauder  
  106  9:42  Orbital Command  
  111  9:45  Hellion  
  111  9:48  Terran Vehicle Weapons Level 1  
  111  9:49  SCV  
  111  9:50  Marauder  
  114  9:58  Infernal Pre-Igniter  
  114  10:00  Armory  
  114  10:02  Missile Turret, Marauder  
  114  10:05  Missile Turret  
  114  10:06  Medivac  
  120  10:07  Hellion  
  120  10:11  Marauder  
  120  10:12  Supply Depot  
  120  10:14  Marine  
  120  10:15  Marine x2  
  102  10:23  Marine  
  102  10:27  Refinery  
  102  10:28  Hellion  
  84  10:31  Marine  
  84  10:33  Marine x2, Marauder  
  85  10:38  Medivac  
  85  10:41  Marine  
  86  10:47  Medivac, Terran Vehicle And Ship Armor Level 1  
  86  10:49  Siege Tank, Marine  
  90  10:51  SCV, Marine x2  
  90  10:54  Marauder  
  91  10:58  Marine  
  91  11:02  SCV  
  92  11:07  Marine  
  92  11:08  Medivac, Marine  
  92  11:09  Marine  
  92  11:10  Missile Turret  
  96  11:15  Marine  
  96  11:17  Viking, Marauder  
  91  11:22  Hellion  
  91  11:25  Marine  
  94  11:26  Marine  
  94  11:27  Marine  
  94  11:32  Missile Turret  
  95  11:33  Marauder  
  95  11:38  Viking, Marine  
  90  11:43  Siege Tank, Marine  
  90  11:44  Marine x2  
  89  11:47  Medivac  
  90  11:55  Marine, Marauder  
  90  11:56  Starport  
  90  11:59  Missile Turret  
  90  12:01  Missile Turret, Marine  
  91  12:02  Marine x2  
  91  12:07  SCV  
  91  12:08  Medivac  
  95  12:09  Missile Turret  
  95  12:13  Marine  
  94  12:16  SCV, Marine  
  94  12:17  Viking  
  94  12:18  Marine  
  94  12:19  SCV  
  94  12:20  Marine x2  
  58  12:30  Command Center  
  58  12:32  Marauder  
  58  12:33  Marine  
  49  12:46  SCV x2, Marine  
  36  12:53  Marauder  
  35  12:58  SCV  
  35  12:59  SCV  
  35  13:04  Marine  
  33  13:11  SCV  
  31  13:27  Supply Depot  
  31  13:30  Factory  
  31  13:31  Supply Depot  
  29  13:49  SCV x2  
  29  13:55  Supply Depot  
  29  14:01  SCV x2  
Tags
 
Composition
Lurkers
League
Platinum
Matchup
TvZ
Spawn Locations
Cross Positions
Add a new tag
Caveats
  • Supply blocks, unpowered buildings, or Contaminate may cause inaccurate times.
  • Supply counts are checked every 10 seconds.